 Dungeon Crawl Stone Soup version 0.14.1-24-gbdbe590 (webtiles) character file.

14096 DaftWullie the Slicer (level 12, -3/109 HPs)
             Began as a Kobold Berserker on June 21, 2014.
             Was a High Priest of Trog.
             Slain by a jumping spider (7 damage)
             ... on Level 4 of the Lair of Beasts on June 22, 2014.
             The game lasted 02:50:35 (14167 turns).

DaftWullie the Slicer (Kobold Berserker)           Turns: 14167, Time: 02:50:35

HP  -3/109       AC  6     Str 22      XL: 12   Next: 32%
MP  15/15        EV 11     Int  6      God: Trog [*****.]
Gold 645         SH  0     Dex 18      Spells:  0 memorised, 11 levels left

rFire  . . .     SeeInvis +     a - +3,+4 cutlass (speed)
rCold  + . .     Clarity  .     V - +0 leather armour
rNeg   . . .     Conserve .     z - +0 buckler
rPois  .         rCorr    .     (no helmet)
rElec  .         rRot     .     h - +1 cloak
SustAb . .       Spirit   .     (no gloves)
rMut   .         Warding  .     A - +0 pair of boots
Saprov + + .     Stasis   .     D - amulet of faith
MR     .....                    o - ring of see invisible
                                c - ring of protection from cold {unknown}

@: berserking, lethally poisoned, held, very quick, not resistant to hostile
enchantments, extremely unstealthy
A: disease resistance, carnivore 3, saprovore 2
a: Burn Spellbooks, Berserk, Trog's Hand, Brothers in Arms, Renounce Religion


You were on level 4 of the Lair of Beasts.
You worshipped Trog.
Trog was extremely pleased with you.
You were very full.

You visited 2 branches of the dungeon, and saw 16 of its levels.

You collected 645 gold pieces.

Inventory:

Hand weapons
 a - a +3,+4 cutlass of speed (weapon)
 b - a +0 blowgun
 v - a +0,+0 falchion of flaming
Missiles
 k - 41 darts
 p - 78 poisoned needles
Armour
 h - a +1 cloak (worn)
 z - a +0 buckler (worn)
 A - a +0 pair of boots (worn)
 V - a +0 leather armour (worn)
Magical devices
 e - a wand of disintegration (7)
 l - a wand of cold (9)
 x - a wand of fire (3)
Scrolls
 d - a scroll of random uselessness {unknown}
 j - a scroll of identify
 t - a scroll of amnesia {unknown}
 B - 5 scrolls of teleportation
Jewellery
 c - a ring of protection from cold (left hand) {unknown}
 o - a ring of see invisible (right hand)
 q - an uncursed ring of sustain abilities {unknown}
 s - an uncursed ring of fire
 D - an amulet of faith (around neck)
Potions
 g - 2 potions of magic {unknown}
 n - 6 potions of curing
 w - a potion of haste {unknown}
 y - a potion of mutation {unknown}


   Skills:
 * Level 8.0 Fighting
 + Level 14.5 Short Blades
 + Level 0.2 Long Blades
 - Level 9.8 Throwing
 - Level 1.5 Armour
 + Level 10.6 Dodging
 + Level 7.2 Stealth
 * Level 4.6 Shields
 + Level 1.8 Evocations


You had 11 spell levels left.
You didn't know any spells.

Dungeon Overview and Level Annotations

Branches:
Dungeon (11/15)            Temple (0/1) D:4            Lair (5/8) D:9
  Swamp (0/5) Lair:3       Spider (0/5) Lair:4
    Orc: D:9-12

Altars:
Cheibriados
Kikubaaqudgha
Vehumet
Xom
Zin

Shops:
D:6 [


Innate Abilities, Weirdness & Mutations

You recuperate from illness quickly.
You are small and have problems with some larger weapons.
You are carnivorous and can eat meat at any time.
You can eat rotten meat.


Message History

Read which item? (? for menu, Esc to quit)
Okay, then.
Drink which item? (? for menu, Esc to quit)
You feel much better. The wolf spider hits you.
The wolf spider completely misses you.
The jumping spider completely misses you.
The jumping spider bites you but does no damage.
The redback closely misses you. The wolf spider hits you!
The wolf spider barely misses you.
Use which ability? (? or * to list)
A red film seems to cover your vision as you go berserk!
You feel yourself moving faster!
You feel mighty! The jumping spider pounces on you!
The jumping spider closely misses you. The redback bites you.
The wolf spider hits you!
* * * LOW HITPOINT WARNING * * *
The wolf spider bites you!
* * * LOW HITPOINT WARNING * * *
You are lethally poisoned!
The wolf spider poisons you! The jumping spider pounces on you!
You die...

##### ##P#.## #.....##
#.....# ##.....# ### ###
###.....## #####.## #.##
#........###f#....###..##
#...^^##.sss...............
#...ยง.##.##@s...P##...#.###f
#...^s##.................f#..
...^^!#......................
>.$####.P.##..####.##.P.....
.# ..##.#.### ###.#)..... ..
.... ####..... .. .. #.#..#
.. . #....# ....##


You could see a wolf spider, a jumping spider, a redback and a spider.

Vanquished Creatures
  A hydra (D:8)
  The ghost of Vasek the Grappler, an experienced TrCK of Xom (Lair:3)
  Joseph (D:8)
  A cyclops (D:8)
  A queen ant (Lair:2)
  A black mamba (Lair:1)
  3 spiny frogs
  A komodo dragon (Lair:3)
  Prince Ribbit (D:8)
  5 blink frogs (Lair:1)
  2 basilisks
  A wyvern (D:8)
  7 yaks
  An elephant slug (Lair:1)
  Eustachio (D:8)
  5 soldier ants (Lair:2)
  2 hippogriffs (Lair:3)
  2 ogres
  3 water moccasins
  A swamp drake (Lair:3)
  5 porcupines
  2 phantoms
  2 ice beasts
  2 sky beasts
  3 big kobolds (D:8)
  3 orc warriors
  3 centaurs (D:6)
  A giant slug (Lair:1)
  Blork the orc (D:7)
  7 giant frogs
  A scorpion (D:6)
  A water moccasin skeleton (D:8)
  2 jellies (D:6)
  A yak skeleton (D:9)
  A goliath beetle (D:9)
  3 wights (D:9)
  2 crimson imps (D:8)
  A centaur zombie (D:5)
  8 hounds
  4 orc priests
  An elf skeleton (D:9)
  3 giant frog skeletons
  9 iguanas
  6 orc wizards
  A gnoll shaman (D:6)
  13 worker ants
  Ijyb (D:4)
  10 sheep
  A mottled dragon skeleton (D:8)
  2 ogre skeletons
  12 green rats
  9 gnolls
  9 adders
  3 giant mites
  An inept feature mimic (D:6)
  A goliath beetle zombie (D:5)
  9 worms
  4 giant geckos
  An ooze (D:2)
  26 orcs
  A bat skeleton (D:6)
  16 goblins
  13 hobgoblins
  9 jackals
  21 kobolds
  3 quokkas
  4 ball pythons (D:3)
  16 bats
  A giant cockroach (D:8)
  12 giant newts
  A goblin skeleton (D:4)
  A hobgoblin skeleton (D:6)
  26 rats
  A rat skeleton (D:4)
  A butterfly (D:6)
  A fungus (Lair:1)
343 creatures vanquished.

Vanquished Creatures (collateral kills)
  A hydra (Lair:3)
  A trapdoor spider (D:10)
  Edmund (D:9)
  A giant slug (Lair:4)
  2 wights (D:9)
6 creatures vanquished.

Grand Total: 349 creatures vanquished

Notes
Turn   | Place    | Note
--------------------------------------------------------------
     0 | D:1      | DaftWullie, the Kobold Berserker, began the quest for the Orb.
     0 | D:1      | Reached XP level 1. HP: 14/14 MP: 1/1
   211 | D:1      | Reached XP level 2. HP: 19/19 MP: 2/2
   723 | D:1      | Reached XP level 3. HP: 20/23 MP: 3/3
   891 | D:2      | Acquired Trog's second power
  1484 | D:2      | Reached skill level 1 in Throwing
  1547 | D:3      | Reached XP level 4. HP: 29/29 MP: 4/4
  1780 | D:4      | Noticed a giant frog
  1788 | D:4      | Reached skill level 5 in Short Blades
  1793 | D:3      | Killed a giant frog
  1793 | D:3      | Reached skill level 1 in Stealth
  1793 | D:3      | Reached XP level 5. HP: 26/33 MP: 5/5
  2710 | D:4      | Reached XP level 6. HP: 38/38 MP: 6/6
  2801 | D:5      | Entered Level 5 of the Dungeon
  2825 | D:5      | Reached skill level 6 in Short Blades
  2864 | D:4      | Noticed an orc warrior
  3612 | D:4      | Reached skill level 5 in Dodging
  3813 | D:4      | Found a glowing silver altar of Zin.
  3852 | D:4      | Reached XP level 7. HP: 42/42 MP: 7/7
  3932 | D:4      | Found a staircase to the Ecumenical Temple.
  4203 | D:4      | Noticed Ijyb
  4216 | D:4      | Killed Ijyb
  4652 | D:6      | Found an ancient bone altar of Kikubaaqudgha.
  4670 | D:7      | Noticed Blork the orc
  4681 | D:7      | Killed Blork the orc
  4793 | D:6      | Found a staircase to the Ecumenical Temple.
  4795 | D:6      | the staircase to the Ecumenical Temple was a mimic.
  4838 | D:6      | Acquired Trog's third power
  4838 | D:6      | Reached skill level 5 in Throwing
  4910 | D:6      | Reached skill level 1 in Shields
  4910 | D:6      | Reached XP level 8. HP: 43/48 MP: 8/8
  4997 | D:6      | Noticed an ice beast
  5115 | D:6      | Killed an ice beast
  5115 | D:6      | Reached skill level 7 in Short Blades
  5889 | D:5      | Noticed a sky beast
  5901 | D:5      | Killed a sky beast
  5901 | D:5      | Reached skill level 8 in Short Blades
  6282 | D:6      | Reached XP level 9. HP: 52/52 MP: 9/9
  6292 | D:6      | Found Ahalaaka's Armour Boutique.
  6496 | D:6      | Reached skill level 9 in Short Blades
  6902 | D:8      | Noticed Joseph
  6904 | D:8      | Found a radiant altar of Vehumet.
  6919 | D:8      | Killed Joseph
  7084 | D:7      | Found a shimmering altar of Xom.
  7084 | D:7      | Found a shimmering altar of Xom.
  7085 | D:7      | Found a shimmering altar of Xom.
  7085 | D:7      | Found a shimmering altar of Xom.
  7086 | D:7      | Found a shimmering altar of Xom.
  7086 | D:7      | Found a shimmering altar of Xom.
  7087 | D:7      | Noticed a black mamba
  7088 | D:7      | Found a shimmering altar of Xom.
  7088 | D:7      | Found a shimmering altar of Xom.
  7088 | D:7      | Noticed a wind drake
  7115 | D:7      | Reached skill level 10 in Short Blades
  7269 | D:9      | Found a staircase to the Lair.
  7461 | D:7      | Killed an orc warrior
  7654 | D:8      | Found a snail-covered altar of Cheibriados.
  7656 | D:8      | Noticed a cyclops
  7705 | D:8      | Killed a cyclops
  7705 | D:8      | Reached skill level 5 in Fighting
  7705 | D:8      | Reached XP level 10. HP: 16/59 MP: 10/10
  7890 | D:8      | Noticed Prince Ribbit
  7909 | D:8      | Killed Prince Ribbit
  7962 | D:8      | Noticed Eustachio
  8057 | D:8      | Killed Eustachio
  8057 | D:8      | Reached skill level 11 in Short Blades
  8661 | D:8      | Noticed a two-headed hydra
  8672 | D:8      | Killed a hydra
  8677 | D:8      | Reached skill level 12 in Short Blades
  8738 | D:8      | Received a gift from Trog
  8833 | D:9      | Reached skill level 1 in Evocations
  8844 | D:9      | Noticed Edmund
  8856 | D:9      | Killed Edmund
  8869 | D:10     | Entered Level 10 of the Dungeon
  8877 | D:10     | Reached skill level 5 in Stealth
  9304 | D:9      | Reached XP level 11. HP: 35/64 MP: 13/13
 10353 | Lair:1   | Entered Level 1 of the Lair of Beasts
 10985 | Lair:1   | Reached skill level 10 in Dodging
 11113 | Lair:1   | Received a gift from Trog
 11114 | Lair:1   | Got an ebony cutlass {god gift}
 11115 | Lair:1   | Identified the -1,+3 cutlass "Chazuam" {antimagic, +Rage} (Trog gifted it to you on level 1 of the Lair of Beasts)
 11281 | Lair:1   | Reached skill level 13 in Short Blades
 11541 | Lair:1   | Noticed a six-headed hydra
 11983 | Lair:3   | Found a staircase to the Swamp.
 12450 | Lair:2   | Received a gift from Trog
 12581 | Lair:2   | Reached XP level 12. HP: 53/72 MP: 15/15
 12779 | Lair:2   | Reached skill level 14 in Short Blades
 13252 | Lair:3   | Noticed Vasek's ghost (experienced TrCK)
 13278 | Lair:3   | Killed Vasek's ghost
 13788 | Lair:3   | Noticed a four-headed hydra
 13846 | Lair:3   | Killed a seven-headed hydra
 13916 | Lair:5   | Noticed a death yak
 13916 | Lair:5   | Noticed a death yak
 13916 | Lair:5   | Noticed a death yak
 13916 | Lair:5   | Noticed a death yak
 13916 | Lair:5   | Noticed a death yak
 14153 | Lair:4   | Found a hole to the Spider Nest.
 14154 | Lair:4   | Noticed a wolf spider
 14167 | Lair:4   | HP: 4/109 [wolf spider (8)]
 14167 | Lair:4   | Slain by a jumping spider

Action                   |  1- 3 |  4- 6 |  7- 9 | 10-12 || total
-------------------------+-------+-------+-------+-------++-------
Melee: Short sword       |   121 |   163 |   305 |   119 ||   708
       Cutlass           |       |       |       |   563 ||   563
       Falchion          |       |       |       |    12 ||    12
 Fire: Blowgun           |       |    22 |    20 |    59 ||   101
Throw: Dart              |    38 |    14 |    60 |   134 ||   246
Invok: Berserk           |     3 |     6 |     7 |    13 ||    29
       Trog's Hand       |       |     2 |     2 |     6 ||    10
       Burn Spellbooks   |       |     1 |       |     4 ||     5
       Brothers in Arms  |       |       |       |     2 ||     2
Evoke: Wand              |     1 |       |     3 |    13 ||    17
  Use: Scroll            |       |       |       |    10 ||    10
       Potion            |       |       |       |     2 ||     2
 Stab: Sleeping          |       |       |       |    13 ||    13
